 Dungeon Crawl Stone Soup version 0.18-a0-1347-gb9e2fb4 (webtiles) character file.

79 M4edhros the Insei (level 4, -2/35 HPs)
             Began as a Mummy Monk on Feb 17, 2016.
             Slain by an adder (3 damage)
             ... on level 2 of the Dungeon.
             The game lasted 00:02:23 (2614 turns).

M4edhros the Insei (Mummy Monk)                     Turns: 2614, Time: 00:02:23

Health: -2/35      AC:  0    Str: 14    XL:     4   Next: 17%
Magic:  4/4        EV:  8    Int:  9    God:
Gold:   117        SH: 10    Dex: 15    Spells: 0 memorised, 3 levels left

rFire  x . .     SeeInvis .       - Unarmed
rCold  + . .     Gourm    .     (no armour)
rNeg   + + +     Faith    .     c - +0 large shield
rPois  ∞         Spirit   .     (no helmet)
rElec  .         Dismiss  .     (no cloak)
rCorr  .         Reflect  .     (no gloves)
SustAt .         Harm     .     (no boots)
MR     .....                    (no amulet)
Stlth  ++........               (no ring)
                                (no ring)

@: not resistant to hostile enchantments, unstealthy
A: no food or potions, fire vulnerability, cold resistance 1, negative energy
resistance 3, torment resistance, unbreathing
a: no special abilities


You were on level 2 of the Dungeon.
You were not hungry.

You visited 1 branch of the dungeon, and saw 3 of its levels.

You collected 117 gold pieces.

Inventory:

Armour
 c - a +0 large shield (worn)
Jewellery
 g - a cursed ring of teleportation {unknown}
Scrolls
 a - a scroll of remove curse {unknown}
 b - 4 scrolls of identify {unknown}
 d - a scroll of recharging {unknown}
 e - 3 scrolls of noise {unknown}
 f - a scroll of blinking {unknown}
 h - a scroll of amnesia {unknown}


   Skills:
 - Level 3.0 Fighting
 - Level 2.4 Dodging
 + Level 2.4 Stealth
 * Level 4.3 Unarmed Combat


You had 3 spell levels left.
You didn't know any spells.

Dungeon Overview and Level Annotations

Branches:
Dungeon (3/15)

Altars:
Ru


Innate Abilities, Weirdness & Mutations

You do not eat or drink.
Your flesh is vulnerable to fire.
You are immune to poison.
Your flesh is cold resistant.
You are immune to negative energy.
You are immune to unholy pain and torment.
You can survive without breathing.


Message History

The adder is heavily wounded.
The adder bites you.
Your shield prevents you from hitting the adder.
The adder is heavily wounded.
The adder bites you.
* * * LOW HITPOINT WARNING * * *
You miss the adder.
The adder is heavily wounded.
The adder bites you.
* * * LOW HITPOINT WARNING * * *
You closely miss the adder.
The adder is heavily wounded.
The adder closely misses you. The adder bites you.
* * * LOW HITPOINT WARNING * * *
You hit the adder.
The adder is almost dead.
The adder bites you.
* * * LOW HITPOINT WARNING * * *
The adder bites you.
You die...

........# ######........## #...
........###..#...........# #.##
###.#.###....#.#.........# #.#
#.#.###.##...#.........# #.#
#.#.....###..#.........# #.##
#.##.....##.##.........# ##.##
#.###.......###.......## #..#.
#.# ###.....####..>..## #....
###.#######.....@S.....######.###
.......# #.....#####...##.....##
.......# #.##...# ###.........##
.....<.# #.###..## ##..........#
.......# #.# #..)####............
###.######.# ##...##............#
#........# #.#....#..........#
#..####### #.#...##.......>..#
#..# #...#>...#.......##


You could see an adder.

Vanquished Creatures
  3 adders (D:2)
  A worm (D:2)
  3 ball pythons
  A giant cockroach (D:1)
  6 goblins
  8 hobgoblins
  3 jackals (D:2)
  4 kobolds
  2 quokkas (D:2)
  9 bats
  A giant newt (D:1)
  3 rats
44 creatures vanquished.

Notes
Turn   | Place    | Note
--------------------------------------------------------------
     0 | D:1      | M4edhros the Mummy Monk began the quest for the Orb.
     0 | D:1      | Reached XP level 1. HP: 18/18 MP: 1/1
   445 | D:1      | Reached XP level 2. HP: 21/24 MP: 2/2
  1209 | D:1      | Reached XP level 3. HP: 26/29 MP: 3/3
  1484 | D:2      | Reached skill level 4 in Unarmed Combat
  2237 | D:2      | Found a sacrificial altar of Ru.
  2400 | D:2      | Reached XP level 4. HP: 22/35 MP: 4/4
  2614 | D:2      | HP: 1/35 [adder (5)]
  2614 | D:2      | Slain by an adder

Vault maps used:
D:1:      dpeg_arrival_brainrot, item_on_display_b
D:2:      old_standard_altar
D:3:      nicolae_dithmenos_through_a_glass_darkly, serial_aquarium,
          aquarium_bridge_square, aquarium_window_corner,
          aquarium_window_corner, aquarium_window_fake, aquarium_window_1,
          aquarium_view_2a, portal_sewer_entry_d, hex_large

Action                   |  1- 3 |  4- 6 || total
-------------------------+-------+-------++-------
Melee: Unarmed           |   165 |    11 ||   176
 Stab: Sleeping          |     8 |       ||     8
